 Dungeon Crawl Stone Soup version 0.28-a0-691-gad6df49e81 (webtiles) character file.

Game seed: 7112105005485230664

864 meatgazer the Skirmisher (level 7, -3/58 HPs)
             Began as a Demonspawn Abyssal Knight on Oct 22, 2021.
             Was a Believer of Lugonu.
             Slain by Edmund (15 damage)
             ... on level 5 of the Dungeon.
             The game lasted 00:06:02 (4868 turns).

meatgazer the Skirmisher (DsAK)                     Turns: 4868, Time: 00:06:03

Health: -3/58      AC:  5    Str: 21    XL:     7   Next: 72%
Magic:  10/10      EV: 11    Int: 12    God:    Lugonu [**....]
Gold:   180        SH:  0    Dex: 13    Spells: 6/6 levels left

rFire   + . .      SeeInvis .   a - +2 falchion
rCold   . . .      Faith    .   (no shield)
rNeg    . . .      Spirit   .   b - +0 leather armour
rPois   .          Reflect  .   (no helmet)
rElec   .          Harm     .   l - +1 cloak
rCorr   .          Rampage  .   (no gloves)
Will    .....                   (no boots)
Stlth   +.........              k - amulet of the acrobat
HPRegen 0.19/turn               g - ring of protection from fire
MPRegen 0.12/turn               d - +6 ring of strength

@: no status effects
A: hooves 2, foul stench 2, demonic touch 1
a: Renounce Religion, Depart the Abyss, Bend Space


You were on level 5 of the Dungeon.
You worshipped Lugonu.
Lugonu was pleased with you.
You visited 1 branch of the dungeon, and saw 5 of its levels.
You visited the Abyss 1 time.

You collected 180 gold pieces.

Inventory:

Hand Weapons
 a - a +2 falchion (weapon)
Armour
 b - a +0 leather armour (worn)
 f - a +2 buckler
 l - a +1 cloak (worn)
Jewellery
 d - a +6 ring of strength (right hand)
 g - a ring of protection from fire (left hand)
 k - an amulet of the acrobat (around neck)
Potions
 c - a potion of lignification
 e - 2 potions of curing
 h - a potion of attraction {unknown}
 m - a potion of resistance {unknown}


   Skills:
 + Level 6.2 Fighting
 + Level 4.3 Long Blades
 - Level 2.6 Armour
 - Level 0.8 Dodging
 * Level 2.6 Shields
 + Level 5.1 Invocations


You had 6 spell levels left.
You didn't know any spells.
Your spell library contained the following spells:

 Spells                   Type           Power      Damage    Failure   Level
 Summon Small Mammal      Summ           0%         N/A       36%         1
 Call Canine Familiar     Summ           0%         N/A       75%         3
 Summon Guardian Golem    Hex/Summ       0%         N/A       75%         3


Dungeon Overview and Level Annotations

Branches:
Dungeon (5/15)             Temple (0/1) D:4

Altars:
Fedhas
The Shining One

Shops:
D:4 *

Annotations:
D:5 Edmund


Innate Abilities, Weirdness & Mutations

You have hoof-like feet.
You sometimes emit foul miasma when damaged in melee.
Your touch may inflict minor irresistible damage on your foes.


Message History

You barely miss the orc. You kick the orc.
The orc is heavily wounded.
The orc barely misses you.
You slash the orc!
You kill the orc!
Lugonu accepts your kill.
No target in view!
Things that are here:
a +0 flail; an orc corpse
i - a scroll of identify
As you read the scroll of identify, it crumbles to dust.
c - a potion of lignification
Found a trident.
Edmund the Younger comes into view.
He is wielding a +2 dire flail of holy wrath and wearing a +3 leather armour of fire resistance.
Edmund shouts!
A howler monkey skeleton comes into view.
Edmund misses you.
You hit Edmund but do no damage. Edmund barely misses you.
You hit Edmund but do no damage.
Edmund hits you with a +2 dire flail of holy wrath!
You convulse.
You hit Edmund.
You touch Edmund.
Edmund is lightly wounded.
Edmund misses you.
You closely miss Edmund.
You touch Edmund.
Edmund is moderately wounded.
The howler monkey skeleton hits you.
You emit a cloud of foul miasma!
Edmund hits you with a +2 dire flail of holy wrath.
You convulse.
You are too injured to fight recklessly!
You barely miss Edmund.
Edmund is moderately wounded.
The howler monkey skeleton hits you. Edmund closely misses you.
You hit Edmund. You kick Edmund!
Edmund is moderately wounded.
The howler monkey skeleton hits you.
Edmund hits you with a +2 dire flail of holy wrath!
* * * LOW HITPOINT WARNING * * *
You convulse!
You die...

#.#.........###
#.#......)....#
########.......###.#.#####
..........................
...#.#.#.........#.#.#####
.........................
#.#.##...#..#...###.####.
#.........#...# #......
###...@.#.#...# ......)
.....#Z@.#.#. .# ..#....
#......!... ..#.##.
...........# #. ..
#.........## # ..
#.........# ..........#
..........#


You could see Edmund and a howler monkey skeleton.

Vanquished Creatures
  A shining eye (Abyss:1)
  An ogre (D:5)
  A phantom (D:4)
  A water moccasin skeleton (D:4)
  An orc priest (D:4)
  Jessica (D:3)
  4 iguanas
  A hound skeleton (D:4)
  5 adders
  An adder skeleton (D:4)
  2 worms
  2 dart slugs (D:3)
  An orc (D:5)
  7 ball pythons
  5 bats
  4 endoplasms
  5 giant cockroaches
  5 goblins
  6 hobgoblins
  8 jackals
  7 kobolds
  4 quokkas
  5 frilled lizards
  6 rats
84 creatures vanquished.

Notes
Turn   | Place    | Note
-------+----------+-------------------------------------------
     0 | Abyss:1  | meatgazer the Demonspawn Abyssal Knight began the quest for
                  | the Orb.
     0 | Abyss:1  | Reached XP level 1. HP: 18/18 MP: 2/2
    21 | Abyss:1  | Found a corrupted altar of Lugonu.
    84 | Abyss:1  | Noticed a shining eye
    91 | Abyss:1  | Gained mutation: You occasionally shout uncontrollably at
                  | your foes. [a shining eye]
    95 | Abyss:1  | Noticed a raiju
    98 | Abyss:1  | Gained mutation: You have sharp toenails. [a shining eye]
    99 | Abyss:1  | Lost mutation: You occasionally shout uncontrollably at
                  | your foes. [a shining eye]
   100 | Abyss:1  | Noticed a large abomination
   102 | Abyss:1  | Killed a shining eye
   103 | Abyss:1  | Reached skill level 5 in Fighting
   103 | Abyss:1  | Discovered your monstrous ancestry.
   103 | Abyss:1  | Lost mutation: You have sharp toenails. [demonic ancestry]
   103 | Abyss:1  | Gained mutation: You have large cloven feet. [demonic
                  | ancestry]
   103 | Abyss:1  | Reached XP level 2. HP: 2/27 MP: 2/4
   103 | Abyss:1  | Reached XP level 3. HP: 2/33 MP: 2/5
   103 | Abyss:1  | Gained mutation: You may rarely emit foul miasma when
                  | damaged in melee. [demonic ancestry]
   103 | Abyss:1  | Reached XP level 4. HP: 2/39 MP: 2/6
   103 | Abyss:1  | Gained mutation: You have hoof-like feet. [demonic
                  | ancestry]
   103 | Abyss:1  | Reached XP level 5. HP: 3/44 MP: 2/7
   103 | Abyss:1  | Gained mutation: You sometimes emit foul miasma when
                  | damaged in melee. [demonic ancestry]
   103 | Abyss:1  | Reached XP level 6. HP: 3/51 MP: 2/8
   103 | D:1      | Escaped the Abyss
   606 | D:1      | Reached * piety under Lugonu
   834 | D:1      | Found a faded altar of an unknown god.
  1884 | D:2      | Reached ** piety under Lugonu
  2554 | D:3      | Noticed Jessica
  2560 | D:3      | Killed Jessica
  3469 | D:4      | Found Reygy's General Store.
  3587 | D:4      | Found a blossoming altar of Fedhas.
  3692 | D:4      | Gained mutation: Your touch may inflict minor irresistible
                  | damage on your foes. [demonic ancestry]
  3692 | D:4      | Reached XP level 7. HP: 55/57 MP: 10/10
  3907 | D:4      | Reached skill level 1 in Shields
  4273 | D:4      | Reached skill level 6 in Fighting
  4396 | D:4      | Found a staircase to the Ecumenical Temple.
  4498 | D:5      | Entered Level 5 of the Dungeon
  4524 | D:5      | Reached skill level 5 in Invocations
  4859 | D:5      | Noticed Edmund
  4868 | D:5      | Slain by Edmund

Illustrated notes

Levels and vault maps discovered:
D:1:      giann_wishing_wells, layout_basic,
          shapermc_ecumenical_altar_acropolis, chequers_serial_rivers_small_b
D:2:      wander_river, layout_basic
D:3:      layout_basic, tso_altar, hangedman_decor_clover_reticule,
          minmay_misc_feat_roman, minmay_misc_feat_ornament,
          chequers_serial_rivers_micro_b, uniq_jessica
D:4:      layout_gridville, mainiacjoe_overflow_paths,
          minmay_temple_entry_proselytizer, serial_shops, shop
D:5:      layout_basic, kennysheep_opposing_triangles, uniq_edmund

Skill      XL: |  1  2  3  4  5  6  7 |
---------------+----------------------+-----
Fighting       | 5 6 |  6.2
Long Blades    | 3 4 |  4.3
Armour         | 2 |  2.6
Invocations    | 3 4 5 |  5.1
Shields        | 2 |  2.6
Dodging        | |  0.8

Action                   |  1- 3 |  4- 6 |  7- 9 || total
-------------------------+-------+-------+-------++-------
Melee: Falchion          |    17 |   150 |    56 ||   223
       Kick              |     2 |    28 |    14 ||    44
       Touch             |       |       |    11 ||    11
Invok: Depart the Abyss  |       |     1 |       ||     1
  Use: Scroll            |       |     9 |     2 ||    11
 Stab: Sleeping          |       |     1 |       ||     1
Armor: Leather armour    |     1 |    46 |     9 ||    56
Dodge: Dodged            |     4 |    82 |    28 ||   114

Table legend: (Time is in decaauts)
 A = Elapsed time spent in this place.
 B = Non-inter-level travel time spent in this place.
 C = Inter-level travel time spent in this place.
 D = Time resting spent in this place.
 E = Time spent auto-exploring this place.
 F = Levels seen in this place.
 G = Mean time per level.
                   A        B        C        D        E       F      G
               +--------+--------+--------+--------+--------+-----+--------+
         Total |   4934 |   4846 |     88 |   1357 |   2924 |   6 |  822.3 |
       Dungeon |   4827 |   4739 |     88 |   1357 |   2841 |   5 |  965.4 |
         Abyss |    106 |    106 |      0 |      0 |     83 |   1 |  106.0 |
               +--------+--------+--------+--------+--------+-----+--------+

Top non-repeatable levels by time:
     D:2: 1333 daAuts
     D:1: 1159 daAuts
     D:4: 1034 daAuts
     D:3: 929 daAuts
     D:5: 371 daAuts
 Abyss:1: 106 daAuts
